 Dungeon Crawl Stone Soup version 0.23.2-40-g277498a (webtiles) character file.

Game seed: 40424251154654674

2017 Bucky5 the Slinger (level 9, -5/75 HPs)
             Began as a Centaur Hunter on Oct 8, 2019.
             Was a Follower of Okawaru.
             Shot with an arrow by a centaur warrior (23 damage)
             ... on level 6 of the Dungeon.
             The game lasted 00:19:04 (6908 turns).

Bucky5 the Slinger (Centaur Hunter)                 Turns: 6908, Time: 00:19:04

Health: -5/75      AC:  6    Str: 17    XL:     9   Next: 3%
Magic:  9/9        EV:  9    Int: 10    God:    Okawaru [*.....]
Gold:   281        SH:  3    Dex:  9    Spells: 8/8 levels left

rFire    + . .     SeeInvis .   b - +0 short sword
rCold    . . .     Gourm    .   r - +0 buckler
rNeg     . . .     Faith    .   c - +1 leather armour
rPois    .         Spirit   .   u - +0 helmet
rElec    .         Reflect  .   (no cloak)
rCorr    .         Harm     .   (no gloves)
MR       .....                  (no barding)
Stlth    +.........             (no amulet)
HPRegen  0.22/turn              (no ring)
MPRegen  0.11/turn              (no ring)

@: vulnerable, very quick
A: large, hooves 3, clumsy 1, deformed body, fire resistance 1, speed 2, tough
skin 3
a: Heroism, Renounce Religion


You were on level 6 of the Dungeon.
You worshipped Okawaru.
Okawaru was aware of your devotion.
You were full.

You visited 2 branches of the dungeon, and saw 7 of its levels.
You also visited: Ossuary.

You collected 281 gold pieces.

Inventory:

Hand Weapons
 a - a +1 hunting sling
 b - a +0 short sword (weapon)
Missiles
 d - 39 sling bullets
 k - 209 stones (quivered)
Armour
 c - a +1 leather armour (worn)
 r - a +0 buckler (worn)
 u - a +0 helmet (worn)
Jewellery
 n - an uncursed ring of magical power {unknown}
Wands
 g - a wand of paralysis (12)
 y - a wand of disintegration (12)
Scrolls
 e - 4 scrolls of remove curse
 i - 9 scrolls of identify
 l - a scroll of amnesia
 p - 7 scrolls of enchant armour
 t - a scroll of fog
 x - 3 scrolls of blinking {unknown}
Potions
 m - 2 potions of berserk rage {unknown}
 o - a potion of invisibility {unknown}
 q - 2 potions of cancellation {unknown}
 w - a potion of resistance {unknown}
 z - a potion of brilliance {unknown}
Comestibles
 f - 7 rations


   Skills:
 + Level 5.9 Fighting
 + Level 11.5 Slings
 + Level 2.0 Armour
 - Level 1.4 Dodging
 - Level 0.4 Stealth
 + Level 0.4 Shields


You had 8 spell levels left.
You didn't know any spells.
Your spell library was empty.

Dungeon Overview and Level Annotations

Branches:
Dungeon (6/15)             Temple (1/1) D:5

Altars:
Ashenzari
Elyvilon
Hepliaklqana
Kikubaaqudgha
Makhleb
Okawaru
Qazlal
Sif Muna
Trog
Vehumet
Wu Jian
Xom
Zin
The Shining One

Shops:
D:4 [(*   D:5 *


Innate Abilities, Weirdness & Mutations

You have hooves in place of feet.
Armour fits poorly on your strangely shaped body.
You cover ground very quickly.
You have extremely tough skin. (AC +3)
You are clumsy. (Dex -2)
Your flesh is heat resistant. (rF+)


Message History

Press: ? - help, Shift-Dir - straight line, f/p - centaur warrior
Aim: a centaur warrior (blue smoke, susceptible to hostile enchantments) Really fire in your ally the phantom's direction?
This attack would place you under penance!
Okay, then.
Wield which item (- for none, * to show all)? (? for menu, Esc to quit)
b - a +0 short sword (weapon)
The centaur warrior hits you!
* * * LOW HITPOINT WARNING * * *
Your adder bites the centaur warrior.
You feel better. The centaur warrior closely misses you.
Your worker ant bites the centaur warrior.
The centaur warrior is poisoned.
Your worker ant poisons the centaur warrior!
Your phantom barely misses the centaur warrior.
Your adder bites the centaur warrior.
The centaur warrior hits you but does no damage.
Your worker ant barely misses the centaur warrior.
The centaur warrior wields a +0 shortbow.
The centaur warrior shoots an arrow.
The arrow hits you!!
You die...

...## #.# .c..# #.#
....# #.# ....# #§ #.#
#..# #§##§######
###(#########§§aWS...(#
....(......§§§##c####.#
#########§######§#
..§§§§§§§§# #@#
.########## #.# .# #.#
.# #.# ## #.# # #.# #
#.# # #.# #


You could see a centaur warrior.

Vanquished Creatures
  Menkaure (D:4)
  3 ice beasts
  2 phantoms (D:4)
  An ogre (D:5)
  A crocodile (D:5)
  An elf zombie (Ossuary)
  A troll zombie (Ossuary)
  3 crimson imps (D:5)
  4 centaur zombies
  4 hounds
  2 orc priests (D:5)
  A gnoll shaman (D:5)
  A centaur skeleton (D:5)
  Natasha (thrice) (D:2)
  2 orc wizards (D:5)
  An iguana (D:5)
  5 worker ants
  An ogre zombie (Ossuary)
  7 mummies (Ossuary)
  7 gnolls
  11 adders
  A shadow imp (D:5)
  3 oozes
  6 adder zombies (Ossuary)
  An adder skeleton (D:4)
  A worm (D:2)
  A dart slug (D:4)
  2 leopard geckos
  8 orcs
  3 ball pythons
  4 giant cockroaches
  8 goblins
  8 hobgoblins (D:1)
  4 jackals (D:3)
  A quokka (D:2)
  3 bats
  5 frilled lizards
  2 goblin zombies (Ossuary)
  5 hobgoblin zombies (Ossuary)
  A jackal zombie (D:5)
  9 kobolds
  A kobold zombie (Ossuary)
  A quokka skeleton (D:5)
  5 quokka zombies
  4 rats (D:2)
  6 rat zombies (Ossuary)
155 creatures vanquished.

Notes
Turn   | Place    | Note
-------+----------+-------------------------------------------
     0 | D:1      | Bucky5 the Centaur Hunter began the quest for the Orb.
     0 | D:1      | Reached XP level 1. HP: 17/17 MP: 1/1
   235 | D:1      | Reached XP level 2. HP: 16/24 MP: 2/2
   542 | D:1      | Reached skill level 5 in Slings
  1183 | D:2      | Reached XP level 3. HP: 29/29 MP: 3/3
  1213 | D:2      | Noticed Natasha
  1229 | D:2      | Killed Natasha
  1295 | D:2      | Found a faded altar of an unknown god.
  1302 | D:2      | Noticed Natasha
  1513 | D:2      | Reached XP level 4. HP: 37/37 MP: 4/4
  1725 | D:2      | Killed Natasha
  1725 | D:2      | Reached skill level 6 in Slings
  1801 | D:2      | Noticed Natasha
  1821 | D:2      | Killed Natasha
  1821 | D:2      | Reached skill level 1 in Armour
  1924 | D:2      | Found a deep blue altar of Sif Muna.
  2112 | D:3      | Reached XP level 5. HP: 32/44 MP: 5/5
  2830 | D:4      | Found Vittemu's Armour Shop.
  2835 | D:4      | Found Nuwud's Weapon Emporium.
  2885 | D:4      | Reached skill level 7 in Slings
  2965 | D:4      | Noticed Menkaure
  2991 | D:4      | Killed Menkaure
  2991 | D:4      | Reached XP level 6. HP: 21/51 MP: 6/6
  3335 | D:4      | Noticed an ice beast
  3353 | D:4      | Killed an ice beast
  3353 | D:4      | Reached skill level 8 in Slings
  3369 | D:4      | Found a shattered altar of Ashenzari.
  3492 | D:4      | Reached XP level 7. HP: 57/57 MP: 7/7
  3782 | D:4      | Found Xaikosaq's Elemental Accessories.
  3798 | D:4      | Reached skill level 9 in Slings
  3984 | D:4      | Found a hazy altar of Hepliaklqana.
  4021 | D:5      | Entered Level 5 of the Dungeon
  4127 | D:5      | Found Fyeduc's General Store.
  4232 | D:5      | Gained mutation: Your spells are a little easier to cast,
                  | but a little less powerful. [potion of mutation]
  4232 | D:5      | Gained mutation: You are clumsy. (Dex -2) [potion of
                  | mutation]
  4232 | D:5      | Lost mutation: Your spells are a little easier to cast, but
                  | a little less powerful. [potion of mutation]
  4232 | D:5      | Gained mutation: Your flesh is heat resistant. (rF+)
                  | [potion of mutation]
  4279 | D:5      | Reached XP level 8. HP: 19/67 MP: 8/8
  4763 | D:5      | Reached skill level 10 in Slings
  4773 | D:5      | Found a staircase to the Ecumenical Temple.
  4817 | D:5      | Reached skill level 5 in Fighting
  4968 | Temple   | Entered the Ecumenical Temple
  5122 | Temple   | Became a worshipper of Warmaster Okawaru
  5820 | D:6      | Found a sand-covered staircase.
  5828 | Ossuary  | Entered an ossuary
  5998 | Ossuary  | Reached skill level 11 in Slings
  6459 | Ossuary  | Reached * piety under Okawaru
  6665 | Ossuary  | Reached XP level 9. HP: 44/75 MP: 9/9
  6864 | D:6      | Noticed a centaur warrior
  6908 | D:6      | Shot with an arrow by a centaur warrior

Skill      XL: |  1  2  3  4  5  6  7  8 |
---------------+-------------------------+-----
Slings         | 5 6 7 8 9 11 | 11.5
Armour         | 1 2 |  2.0
Fighting       | 3 4 5 |  5.9
Dodging        | |  1.4
Stealth        | |  0.4
Shields        | |  0.4

Action                   |  1- 3 |  4- 6 |  7- 9 || total
-------------------------+-------+-------+-------++-------
 Fire: Hunting sling     |   104 |   211 |   580 ||   895
  Use: Scroll            |     1 |     4 |     7 ||    12
       Potion            |     1 |       |    11 ||    12
  Eat: Chunk             |     1 |     5 |     6 ||    12
       Ration            |       |       |     2 ||     2
Armor: Leather armour    |    11 |    24 |    54 ||    89
Dodge: Dodged            |    18 |    38 |    59 ||   115
Block: Buckler           |       |     5 |    16 ||    21
